 Dungeon Crawl Stone Soup version 0.23.2-1-ga50397a (webtiles) character file.

Game seed: 12743635932244669254

27548 sankara the Grappler (level 13, 0/113 HPs)
             Began as a Minotaur Transmuter on May 20, 2019.
             Was a High Priest of Okawaru.
             Succumbed to a water moccasin's poison
             ... on level 6 of the Lair of Beasts.
             The game lasted 01:05:00 (17508 turns).

sankara the Grappler (Minotaur Transmuter)         Turns: 17508, Time: 01:05:01

Health: 0/113      AC: 14    Str: 15    XL:     13   Next: 5%
Magic:  13/14      EV: 33    Int: 16    God:    Okawaru [*****.]
Gold:   462        SH:  7    Dex: 13    Spells: 4/14 levels left

rFire    + + .     SeeInvis .     - Unarmed
rCold    + . .     Gourm    .   c - +2 buckler {AC+3}
rNeg     . . .     Faith    .   t - +1 robe of Hietiju {Int+3}
rPois    .         Spirit   .   D - +1 hat {MR+}
rElec    .         Reflect  .   X - scarf {rC+ rF+}
rCorr    .         Harm     .   K - +1 pair of gloves of the Dice {rF+}
MR       +....                  (boots currently unavailable)
Stlth    ++........             r - amulet of the acrobat
HPRegen  0.28/turn              T - ring of wizardry {Wiz+, !d}
MPRegen  0.14/turn              W - +5 ring of protection

@: lethally poisoned (0 -> -4), appendage, berserk cooldown, acrobat, slowed,
very slow
A: retaliatory headbutt, horns 2, talons 3
a: End Transformation, Heroism, Finesse, Renounce Religion


You were on level 6 of the Lair of Beasts.
You worshipped Okawaru.
Okawaru was extremely pleased with you.
You were not hungry.
You had grown temporary talons.
You visited 3 branches of the dungeon, and saw 17 of its levels.

You collected 826 gold pieces.
You spent 364 gold pieces at shops.

Inventory:

Hand Weapons
 n - a +0 hunting sling
   (You found it on level 9 of the Dungeon)
 I - a +0 whip of electrocution
   (You took it off Pikel on level 8 of the Dungeon)
Missiles
 a - 313 arrows
 b - 3 throwing nets {=f, !d}
 h - 2 javelins (quivered)
 j - 106 sling bullets
 y - 5 tomahawks
 Q - 411 stones
Armour
 c - a +2 buckler of protection (worn)
   (You found it on level 5 of the Dungeon)
 t - the +1 robe of Hietiju (worn) {Int+3}
   (You found it on level 4 of the Lair of Beasts)

   It affects your intelligence (+3).
 D - a +1 hat of magic resistance (worn)
   (You took it off Gastronok on level 2 of the Lair of Beasts)
 K - the +1 pair of gloves of the Dice (worn) {rF+}
   (You found it on level 7 of the Dungeon)

   It protects you from fire.
 P - a +2 troll leather armour {regen}
   (You found it on level 8 of the Dungeon)
 X - a scarf of resistance (worn)
   (You found it on level 4 of the Lair of Beasts)
Jewellery
 g - an uncursed ring of protection from cold {rC+, !d}
   (You found it on level 1 of the Dungeon)
 r - an amulet of the acrobat (around neck)
   (You took it off a gnoll on level 3 of the Dungeon)
 J - an uncursed ring of positive energy {rN+}
   (You found it on level 7 of the Dungeon)
 T - a ring of wizardry (left hand) {Wiz+, !d}
   (You found it on level 10 of the Dungeon)
 W - a +5 ring of protection (right hand)
   (You found it on level 3 of the Lair of Beasts)
Wands
 w - a wand of flame (36)
   (You found it on level 5 of the Dungeon)
 A - a wand of polymorph (8)
   (You found it on level 6 of the Dungeon)
 N - a wand of clouds (1)
   (You found it on level 4 of the Lair of Beasts)
 O - a wand of iceblast (16)
   (You found it on level 8 of the Dungeon)
 R - a wand of disintegration (12)
   (You found it on level 9 of the Dungeon)
 U - a wand of scattershot (6)
   (You found it on level 10 of the Dungeon)
Scrolls
 i - 2 scrolls of amnesia
 l - 5 scrolls of teleportation
 o - 9 scrolls of remove curse
 p - a scroll of holy word {unknown}
 s - a scroll of fog
 u - 2 scrolls of fear
 v - a scroll of magic mapping {!r}
 z - 3 scrolls of summoning
 C - 2 scrolls of blinking {!r}
 E - a scroll of identify
Potions
 e - a potion of cancellation
 f - a potion of might
 k - 9 potions of curing
 m - 2 potions of brilliance
 q - a potion of berserk rage {!q}
 x - 6 potions of agility
 B - 2 potions of heal wounds
 G - a potion of resistance
 H - a potion of magic
 S - a potion of haste
 Z - 2 potions of flight
Comestibles
 d - 26 rations
 F - 4 chunks of flesh {@w0}


   Skills:
 - Level 10.0 Fighting
 - Level 7.0 Armour
 + Level 9.8 Dodging
 - Level 3.3 Stealth
 - Level 5.0 Shields
 * Level 14.7 Unarmed Combat
 - Level 1.3 Spellcasting
 - Level 1.1 Translocations
 + Level 8.4 Transmutations


You had 4 spell levels left.
You knew the following spells:

 Your Spells              Type           Power        Failure   Level  Hunger
a - Beastly Appendage     Tmut           ####..       1%          1    ##.....
b - Blink                 Tloc           N/A          9%          2    ###....
c - Blade Hands           Tmut           ####......   8%          5    ######.
d - Sticks to Snakes      Tmut           ####....     1%          2    ###....

Your spell library contained the following spells:

 Spells                   Type           Power        Failure   Level  Hunger
 Spider Form              Tmut/Pois      ##........   4%          3    ####...
 Apportation              Tloc           #.....       6%          1    ##.....
 Animate Skeleton         Necr           N/A          9%          1    ##.....
 Confusing Touch          Hex            #.....       9%          1    ##.....
 Corona                   Hex            #......      9%          1    ##.....
 Magic Dart               Conj           #...         9%          1    ##.....
 Sting                    Conj/Pois      #...         9%          1    ##.....
 Summon Small Mammal      Summ           #...         9%          1    ##.....
 Call Imp                 Summ           #.......     13%         2    ###....
 Ensorcelled Hibernation  Hex/Ice        #.....       13%         2    ###....
 Slow                     Hex            #.......     13%         2    ###....
 Gell's Gravitas          Tloc           #.........   16%         3    ####...
 Ice Form                 Ice/Tmut       ##......     16%         4    #####..
 Petrify                  Tmut/Erth      ##......     16%         4    #####..
 Confuse                  Hex            #.......     26%         3    ####...
 Conjure Flame            Conj/Fire      #.......     26%         3    ####...
 Dazzling Spray           Conj/Hex       #.....       26%         3    ####...
 Mephitic Cloud           Conj/Pois/Air  #.......     26%         3    ####...
 Tukima's Dance           Hex            #.......     26%         3    ####...
 Fulminant Prism          Conj/Hex       #.........   61%         4    #####..
 Yara's Violent Unravell  Hex/Tmut       ##........   38%         5    ######.
 Lightning Bolt           Conj/Air       #.........   91%         5    ######.
 Metabolic Englaciation   Hex/Ice        #.........   91%         5    ######.
 Discord                  Hex            #.........   100%        8    #######


Dungeon Overview and Level Annotations

Branches:
Dungeon (10/15)            Temple (1/1) D:4            Lair (6/6) D:10
  Swamp (0/4) Lair:2       Spider (0/4) Lair:2        Slime (0/5) Lair:5
    Orc (0/2) D:9

Altars:
Ashenzari
Cheibriados
Dithmenos
Elyvilon
Fedhas
Gozag
Hepliaklqana
Kikubaaqudgha
Makhleb
Nemelex Xobeh
Okawaru
Qazlal
Ru
Sif Muna
Trog
Uskayaw
Vehumet
Wu Jian
Xom
Yredelemnul
Zin
The Shining One

Shops:
D:10 !

Annotations:
D:2 2 transporters
D:9 4 runed translucent doors
Lair:6 exclusions: wolf and 2 more exclusions, Nessos


Innate Abilities, Weirdness & Mutations

You reflexively headbutt those who attack you in melee.
You have a pair of horns on your head.
You have claws for feet.


Message History

You punch the eight-headed hydra!
Your kick misses the eight-headed hydra.
Your headbutt misses the eight-headed hydra.
The eight-headed hydra is moderately wounded.
You punch the eight-headed hydra!
The eight-headed hydra is heavily wounded.
The eight-headed hydra bites you!
The eight-headed hydra bites you but does no damage.
The eight-headed hydra bites you! The eight-headed hydra bites you.
The eight-headed hydra completely misses you.
The eight-headed hydra bites you.
The eight-headed hydra closely misses you.
The eight-headed hydra bites you but does no damage.
You punch the eight-headed hydra!
You headbutt the eight-headed hydra, but do no damage.
The eight-headed hydra is heavily wounded.
You feel like a meek peon again. The eight-headed hydra bites you.
The eight-headed hydra closely misses you.
The eight-headed hydra bites you.
* * * LOW HITPOINT WARNING * * *
You block the eight-headed hydra's attack.
The eight-headed hydra completely misses you.
You block the eight-headed hydra's attack.
The eight-headed hydra bites you but does no damage.
The eight-headed hydra barely misses you.
You hit the eight-headed hydra.
The eight-headed hydra is heavily wounded.
You hit the eight-headed hydra. You headbutt the eight-headed hydra!
The eight-headed hydra is severely wounded.
You block the eight-headed hydra's attack.
The eight-headed hydra bites you!
* * * LOW HITPOINT WARNING * * *
You block the eight-headed hydra's attack.
The eight-headed hydra closely misses you.
The eight-headed hydra bites you but does no damage.
The eight-headed hydra misses you.
You block the eight-headed hydra's attack.
The eight-headed hydra bites you but does no damage.
Really quaff
q - 2 potions of berserk rage {!q}?
A red film seems to cover your vision as you go berserk!
You feel yourself moving faster!
You feel mighty!
The eight-headed hydra completely misses you.
The eight-headed hydra closely misses you.
You block the eight-headed hydra's attack.
The eight-headed hydra barely misses you.
The eight-headed hydra misses you.
The eight-headed hydra bites you but does no damage. x2
The eight-headed hydra misses you.
You punch the eight-headed hydra!
Your headbutt misses the eight-headed hydra.
The eight-headed hydra is almost dead.
The eight-headed hydra bites you!!
* * * LOW HITPOINT WARNING * * *
The eight-headed hydra bites you.
* * * LOW HITPOINT WARNING * * *
The eight-headed hydra misses you.
The eight-headed hydra bites you but does no damage.
The eight-headed hydra misses you.
The eight-headed hydra barely misses you.
The eight-headed hydra completely misses you.
The eight-headed hydra bites you!
* * * LOW HITPOINT WARNING * * *
You punch the eight-headed hydra!
You kill the eight-headed hydra!
Okawaru accepts your kill.
You punch the water moccasin! You headbutt the water moccasin!
The water moccasin is severely wounded.
You barely miss the water moccasin. Your kick misses the water moccasin.
The water moccasin is severely wounded.
The water moccasin bites you.
* * * LOW HITPOINT WARNING * * *
You are lethally poisoned!
The water moccasin poisons you!
You barely miss the water moccasin. You claw the water moccasin.
You kill the water moccasin!
Okawaru accepts your kill.
* * * LOW HITPOINT WARNING * * *
You feel sick.
You closely miss the crocodile. You claw the crocodile!
You headbutt the crocodile!
The crocodile is severely wounded.
* * * LOW HITPOINT WARNING * * *
You feel sick.
You hit the crocodile.
You claw the crocodile, but do no damage.
You headbutt the crocodile.
You kill the crocodile!
Okawaru accepts your kill.
You are too berserk!
A water moccasin comes into view.
* * * LOW HITPOINT WARNING * * *
You feel sick.
Things that are here:
a crocodile corpse; a hydra corpse You feel a strong urge to attack something.
You are no longer berserk.
You are exhausted.
You feel yourself slow down.
You die...

..#.......P## #.....##*
.#.#........### *## #.##....##* #
.##...........##*.# ##........#*#
**##........##.#*.#**,##.......,#
##.......#####.##,,,,.......##
####....###.8..#,,,...?F.....
#.....#.....#,,,,...Y...#.
##....#8.<.8#,,,,....FY..#
#.....#..@..#*,,,.....P!#*
*******###....#....#,***...Y§.#,*
,*,,**,**##..#†#+####.####.t..*,*
,,,,**,,...###.....#......Y##.,**
,,,,*,..###,*.#.....#Y.§.Y§.#.,*
,,,,+,,,,,,,..,.......YY...F...#
,,,,,,,,8,,...*.8.......8t..#.##
,,,,+,,,,,.S..,..............,.#
*,,**,**,.....,.....#.#####.##,#


You could see a water moccasin.

Vanquished Creatures
  Gastronok (Lair:2)
  Josephine (Lair:4)
  2 hydras (Lair:6)
  A catoblepas (Lair:2)
  Harold (D:7)
  Erica (Lair:2)
  Pikel (D:8)
  5 elephants (Lair:5)
  2 oklob plants (D:10)
  A torpor snail (Lair:3)
  A black mamba (Lair:4)
  5 spiny frogs
  4 komodo dragons
  A rime drake (Lair:2)
  2 trolls
  2 hornets
  A polar bear (Lair:3)
  Grinder (D:3)
  7 hippogriffs
  12 blink frogs
  3 wraiths (Lair:4)
  8 yaks
  A wyvern (D:9)
  A basilisk (Lair:3)
  5 water moccasins
  7 porcupines
  4 black bears
  7 orc warriors
  7 sky beasts
  2 ice beasts
  2 slaves (D:8)
  7 ogres
  2 phantoms
  9 wolves
  6 centaurs
  11 crocodiles
  A big kobold (D:6)
  9 bullfrogs
  A wyvern zombie (D:10)
  A gnoll sergeant (D:7)
  6 scorpions
  15 killer bees (D:9)
  4 wights (D:10)
  3 electric eels (Lair:1)
  2 crimson imps (D:6)
  A centaur zombie (D:7)
  A hound (D:7)
  7 orc priests
  5 orc wizards
  5 jellies
  2 bullfrog skeletons
  A centaur skeleton (D:7)
  5 iguanas
  Terence (D:2)
  5 worker ants
  Natasha (D:3)
  14 gnolls
  A howler monkey skeleton (D:5)
  10 adders
  A shadow imp (D:9)
  2 oozes
  An adder zombie (D:5)
  An adder skeleton (D:6)
  5 worms
  5 leopard geckos
  29 orcs
  11 giant cockroaches
  8 goblins
  7 hobgoblins
  15 jackals
  3 quokkas
  A ball python (D:2)
  5 bats
  4 frilled lizards
  11 kobolds
  A quokka skeleton (D:4)
  7 rats
  A plant (D:10)
353 creatures vanquished.

Vanquished Creatures (others)
  A big kobold (D:8)
  A kobold (D:8)
  5 fungi
  3 plants (Lair:6)
10 creatures vanquished.

Grand Total: 363 creatures vanquished

Notes
Turn   | Place    | Note
-------+----------+-------------------------------------------
     0 | D:1      | sankara the Minotaur Transmuter began the quest for the
                  | Orb.
     0 | D:1      | Reached XP level 1. HP: 16/16 MP: 1/1
    73 | D:1      | Reached XP level 2. HP: 23/23 MP: 0/3
   301 | D:1      | Reached skill level 4 in Unarmed Combat
   379 | D:1      | Reached skill level 2 in Transmutations
   383 | D:1      | Learned a level 2 spell: Sticks to Snakes
   666 | D:2      | Reached XP level 3. HP: 28/28 MP: 2/4
   926 | D:2      | Found a transporter.
   928 | D:2      | Found a transporter.
   928 | D:2      | Found an opulent altar of Gozag.
  1727 | D:2      | Reached skill level 5 in Unarmed Combat
  1727 | D:2      | Reached XP level 4. HP: 23/35 MP: 3/5
  2192 | D:3      | Noticed Grinder
  2213 | D:2      | HP: 8/35 [poisoned by an adder]
  2221 | D:2      | HP: 7/35 [poisoned by an adder]
  2477 | D:3      | Noticed Terence
  2487 | D:2      | Killed Terence
  2487 | D:2      | Reached XP level 5. HP: 24/40 MP: 1/6
  2791 | D:3      | Noticed Natasha
  2798 | D:3      | Killed Natasha
  3057 | D:3      | Reached skill level 6 in Unarmed Combat
  3066 | D:3      | Reached skill level 3 in Transmutations
  3088 | D:3      | HP: 10/40 [hobgoblin (3)]
  3341 | D:3      | Killed Grinder
  3341 | D:3      | Reached skill level 7 in Unarmed Combat
  3341 | D:3      | Reached XP level 6. HP: 23/47 MP: 2/7
  3819 | D:4      | Reached XP level 7. HP: 16/52 MP: 6/8
  4084 | D:4      | Found a glowing golden altar of the Shining One.
  4133 | D:4      | Found a staircase to the Ecumenical Temple.
  4142 | Temple   | Entered the Ecumenical Temple
  4302 | D:4      | Reached skill level 2 in Fighting
  4302 | D:4      | Reached skill level 1 in Stealth
  4302 | D:4      | Reached skill level 4 in Transmutations
  4711 | D:4      | Got a shimmering falchion
  4714 | D:4      | Identified the cursed +1 falchion "Aptelif" {drain, Dex+4}
                  | (You found it on level 4 of the Dungeon)
  4776 | D:4      | Reached skill level 3 in Dodging
  4776 | D:4      | Reached skill level 8 in Unarmed Combat
  4898 | D:3      | Learned a level 5 spell: Blade Hands
  5325 | D:4      | Found an ornate altar of the Wu Jian Council.
  5410 | D:5      | Entered Level 5 of the Dungeon
  5541 | D:5      | Found a sacrificial altar of Ru.
  5621 | D:5      | Reached skill level 3 in Fighting
  5621 | D:5      | Reached skill level 1 in Shields
  5621 | D:5      | Reached XP level 8. HP: 63/63 MP: 9/9
  5678 | D:5      | Found a sparkling altar of Nemelex Xobeh.
  5824 | D:5      | Found a hide-covered altar of Uskayaw.
  5825 | D:5      | Found a white marble altar of Elyvilon.
  6132 | D:5      | Identified the Almanac of Instinct
  6206 | D:6      | Found a blossoming altar of Fedhas.
  6474 | D:6      | Reached skill level 2 in Shields
  6500 | D:6      | Found a hazy altar of Hepliaklqana.
  6647 | D:6      | Reached skill level 4 in Dodging
  6761 | D:6      | Found a shadowy altar of Dithmenos.
  6771 | D:6      | Reached skill level 4 in Fighting
  6771 | D:6      | Reached skill level 9 in Unarmed Combat
  7208 | D:6      | Reached skill level 3 in Shields
  7417 | D:7      | Found an ornate altar of the Wu Jian Council.
  7657 | D:7      | Reached XP level 9. HP: 66/72 MP: 10/10
  7853 | D:7      | Reached skill level 5 in Transmutations
  7891 | D:7      | Reached skill level 1 in Armour
  7902 | D:7      | Reached skill level 5 in Fighting
  8143 | D:7      | Reached skill level 2 in Armour
  8143 | D:7      | Reached skill level 5 in Dodging
  8143 | D:7      | Reached skill level 4 in Shields
  8160 | D:7      | Reached skill level 10 in Unarmed Combat
  8176 | D:7      | Got a pair of faintly humming gloves
  8187 | D:7      | Identified the +1 pair of gloves of the Dice {rF+} (You
                  | found it on level 7 of the Dungeon)
  8475 | D:8      | Noticed Harold
  8542 | D:7      | Killed Harold
  8542 | D:7      | Reached skill level 3 in Armour
  8925 | D:8      | Reached skill level 6 in Fighting
  8935 | D:8      | Reached skill level 5 in Shields
  8935 | D:8      | Reached XP level 10. HP: 29/83 MP: 11/11
  9183 | D:8      | Noticed Pikel
  9206 | D:8      | Killed Pikel
  9813 | D:8      | Reached skill level 4 in Armour
  9813 | D:8      | Reached skill level 6 in Dodging
  9932 | D:9      | Reached skill level 11 in Unarmed Combat
 10102 | D:9      | Reached skill level 6 in Transmutations
 10201 | D:9      | Found a radiant altar of Vehumet.
 10431 | D:9      | Reached skill level 7 in Fighting
 10537 | D:9      | Found a staircase to the Orcish Mines.
 10625 | D:9      | Reached skill level 5 in Armour
 10877 | D:9      | Noticed a skeletal warrior
 10877 | D:9      | Noticed a skeletal warrior
 10881 | D:9      | Found a runed translucent door.
 10917 | D:9      | Reached skill level 2 in Stealth
 10922 | D:9      | Found a runed translucent door.
 10922 | D:9      | Noticed an eight-headed hydra
 10923 | D:9      | Found a runed translucent door.
 10924 | D:9      | Found a runed translucent door.
 11021 | D:9      | Found an iron altar of Okawaru.
 11027 | D:9      | Became a worshipper of Warmaster Okawaru
 11134 | D:10     | Entered Level 10 of the Dungeon
 11145 | D:10     | Noticed an oklob plant
 11168 | D:10     | Reached XP level 11. HP: 80/92 MP: 12/12
 11188 | D:10     | Found a staircase to the Lair.
 11329 | D:10     | Reached skill level 7 in Dodging
 11454 | D:10     | Found Wuci's Distillery.
 11486 | D:10     | Bought 2 potions of mutation for 224 gold pieces
 11486 | D:10     | Bought a potion of flight for 42 gold pieces
 11486 | D:10     | Bought a potion of brilliance for 56 gold pieces
 11486 | D:10     | Bought a potion of lignification for 42 gold pieces
 11596 | D:10     | Noticed an oklob plant
 11632 | D:10     | Killed an oklob plant
 11636 | D:10     | HP: 20/92 [acid (12)]
 11637 | D:10     | Killed an oklob plant
 12001 | Lair:1   | Entered Level 1 of the Lair of Beasts
 12176 | Lair:1   | Reached skill level 12 in Unarmed Combat
 12183 | Lair:1   | Reached * piety under Okawaru
 12603 | Lair:1   | Reached skill level 6 in Armour
 12860 | Lair:1   | Reached ** piety under Okawaru
 12860 | Lair:1   | Reached skill level 8 in Fighting
 13078 | Lair:2   | Noticed Gastronok
 13095 | Lair:2   | Killed Gastronok
 13095 | Lair:2   | Reached *** piety under Okawaru
 13095 | Lair:2   | Reached skill level 3 in Stealth
 13206 | Lair:2   | Noticed Erica
 13215 | Lair:2   | Killed Erica
 13273 | Lair:2   | Reached skill level 7 in Transmutations
 13304 | Lair:2   | Found a staircase to the Swamp.
 13319 | Lair:2   | Noticed a catoblepas
 13328 | Lair:2   | Killed a catoblepas
 13328 | Lair:2   | Reached **** piety under Okawaru
 13328 | Lair:2   | Reached skill level 7 in Armour
 13328 | Lair:2   | Reached skill level 8 in Dodging
 13430 | Lair:2   | Found a hole to the Spider Nest.
 13613 | Lair:2   | Reached skill level 13 in Unarmed Combat
 13620 | Lair:2   | Reached XP level 12. HP: 94/103 MP: 8/13
 13667 | Lair:2   | Reached skill level 9 in Fighting
 14165 | Lair:3   | Received a gift from Okawaru
 14595 | Lair:3   | Reached ***** piety under Okawaru
 14610 | Lair:3   | HP: 22/105 [crocodile (16)]
 14615 | Lair:3   | HP: 18/105 [crocodile (1)]
 14926 | Lair:3   | Reached skill level 9 in Dodging
 15191 | Lair:3   | Learned a level 2 spell: Blink
 15320 | Lair:4   | Reached skill level 14 in Unarmed Combat
 15322 | Lair:4   | Noticed Josephine
 15346 | Lair:4   | Killed Josephine
 15346 | Lair:4   | Received a gift from Okawaru
 15346 | Lair:4   | Reached skill level 10 in Fighting
 15346 | Lair:4   | Reached skill level 1 in Translocations
 15356 | Lair:4   | Reached skill level 8 in Transmutations
 15467 | Lair:4   | Got a silken robe
 15468 | Lair:4   | Identified the +1 robe of Hietiju {Int+3} (You found it on
                  | level 4 of the Lair of Beasts)
 16247 | Lair:5   | Found a staircase to the Slime Pits.
 16909 | Lair:5   | You fall through a shaft!
 16909 | Lair:6   | Entered Level 6 of the Lair of Beasts
 16919 | Lair:6   | HP: 10/106 [blink frog (17)]
 16925 | Lair:6   | Noticed Nessos
 17188 | Lair:6   | Noticed a four-headed hydra
 17203 | Lair:6   | Killed a four-headed hydra
 17322 | Lair:6   | Reached XP level 13. HP: 75/113 MP: 8/14
 17497 | Lair:6   | HP: 24/113 [eight-headed hydra (8)]
 17499 | Lair:6   | HP: 6/169 [eight-headed hydra (9)]
 17504 | Lair:6   | HP: 2/169 [poisoned by a water moccasin]
 17508 | Lair:6   | Succumbed to a water moccasin's poison

Skill      XL: |  1  2  3  4  5  6  7  8  9 10 11 12 |
---------------+-------------------------------------+-----
Unarmed Combat | 4 5 7 8 9 10 11 13 14 | 14.7
Transmutations | 2 3 4 5 6 7 8 |  8.4
Fighting       | 3 4 6 7 8 10 | 10.0
Stealth        | 1 2 3 |  3.3
Dodging        | 3 4 5 6 8 9 |  9.8
Shields        | 1 3 5 |  5.0
Armour         | 3 5 7 |  7.0
Translocations | 1 |  1.1
Spellcasting   | |  1.3

Action                   |  1- 3 |  4- 6 |  7- 9 | 10-12 | 13-15 || total
-------------------------+-------+-------+-------+-------+-------++-------
Melee: Unarmed           |    64 |   113 |   383 |   604 |    13 ||  1177
       Headbutt          |     6 |    13 |    51 |    86 |     5 ||   161
       Kick              |     9 |    26 |    75 |    69 |     3 ||   182
       Punch             |       |     2 |     2 |    10 |       ||    14
Throw: Tomahawk          |       |       |     3 |       |       ||     3
 Cast: Beastly Appendage |    25 |    24 |    51 |    35 |     1 ||   136
       Sticks to Snakes  |       |     3 |     1 |       |       ||     4
       Blade Hands       |       |       |       |    46 |       ||    46
       Blink             |       |       |       |     1 |       ||     1
Invok: Heroism           |       |       |       |     2 |     1 ||     3
  Use: Scroll            |     4 |     3 |     8 |    14 |       ||    29
       Potion            |       |       |       |     1 |     1 ||     2
 Stab: Sleeping          |     1 |     1 |     1 |     4 |       ||     7
  Eat: Chunk             |     2 |     9 |    15 |    44 |       ||    70
       Ration            |       |       |     1 |     2 |       ||     3
Armor: Robe              |    17 |     9 |    54 |    12 |    21 ||   113
       Ring mail         |       |    13 |    40 |    12 |       ||    65
       Troll leather arm |       |       |       |   124 |       ||   124
Dodge: Dodged            |    45 |    74 |   196 |   368 |    45 ||   728
Block: Buckler           |       |       |    72 |    78 |    18 ||   168

Levels and vault maps discovered:
D:1:      tarquinn_simple_flora_water_a, layout_basic
D:2:      layout_basic, gammafunk_temple_overflow_arena
D:3:      layout_basic, uniq_natasha, uniq_grinder, uniq_terence
D:4:      layout_loops_ring, nicolae_tso_carved_into_rock, marbit_many_paths,
          first_ration
D:5:      layout_loops_ring, nemelex_xobeh_ov_fountains_minmay,
          nicolae_overflow_crystal_walls, amethyst_overflow_temple_binary,
          corexii_shack, minivault_5
D:6:      layout_loops_ring, old_standard_altar, kennysheep_mini,
          grunt_dithmenos_shadows, serial_bayou_pond_d
D:7:      layout_loops_ring, basic_altar, grunt_ogre_cave, corexii_corridor_pit
D:8:      layout_loops_ring, uniq_harold, uniq_pikel
D:9:      minmay_the_grid_triangle_9x9_rhombus_full
          [minmay_the_grid_triangle_9x9_subtriangle,
          minmay_the_grid_triangle_9x9_corrupted_corridor,
          minmay_the_grid_triangle_9x9_descending_squares,
          minmay_the_grid_triangle_9x9_from_above,
          minmay_the_grid_triangle_9x9_fully_insulated_deathbox,
          minmay_the_grid_triangle_9x9_tough_junction,
          minmay_the_grid_triangle_9x9_sprig,
          minmay_the_grid_triangle_9x9_prize_insulated], layout_loops_ring,
          okawaru_metal_pillars_1_2, david_orc_4, basic_altar,
          kennysheep_generic_room_6, uniq_erolcha
D:10:     layout_loops_cross, dpeg_oklobed_lair, serial_shops, shop
Temple:   jpeg_temple_clearing
Lair:1:   layout_hall_layers, guppyfry_lair_drakes, serial_bayou_shore_a,
          grunt_megastairs_2
Lair:2:   layout_regular_city, swamp_mist, nicolae_spider_entry_non_spiders,
          uniq_gastronok, uniq_erica
Lair:3:   layout_gridlike, beast_lair_carwin_11, serial_bayou_shore_b,
          grunt_megastairs_3
Lair:4:   layout_regular_city, uniq_josephine
Lair:5:   layout_cave_pods, nicolae_slime_entry_slimehenge
Lair:6:   minmay_lair_end_enchanted_forest, layout_cave_pods,
          small_statue_intersection, grunt_megastairs_1, uniq_nessos

Table legend:
 A = Turns spent in this place as a percentage of turns spent in the entire game.
 B = Non-inter-level travel turns spent in this place as a percentage of non-inter-level travel turns spent in the entire game.
 C = Inter-level travel turns spent in this place as a percentage of turns spent in this place.
 D = Turns resting spent in this place as a percentage of non-inter-level travel turns spent in this place.
 E = Turns spent auto-exploring this place as a percentage of non-inter-level travel turns spent in this place.
 F = Non-inter-level travel turns spent in this place divided by the number of levels of this place that you've seen.
                   A       B       C       D       E      F
               +-------+-------+-------+-------+-------+----------------------
         Total | 100.0 | 100.0 |   5.3 |  28.7 |  49.1 | 975.4
       Dungeon |  68.7 |  68.7 |   5.3 |  30.6 |  47.1 | 1139.1
        Temple |   0.6 |   0.6 |  13.2 |   0.0 |  78.3 |  92.0
          Lair |  30.7 |  30.7 |   5.1 |  25.1 |  53.0 | 849.7
               +-------+-------+-------+-------+-------+----------------------

Table legend:
 A = Kills in this place as a percentage of kills in entire the game.
 B = Kills by you in this place as a percentage of kills by you in the entire game.
 C = Kills by friends in this place as a percentage of kills by friends in the entire game.
 D = Other kills in this place as a percentage of other kills in the entire game.
 E = Experience gained in this place as a percentage of experience gained in the entire game.
 F = Experience gained in this place divided by the number of levels of this place that you have seen.
                   A       B       C       D       E      F
               +-------+-------+-------+-------+-------+----------------------
         Total | 100.0 | 100.0 |   N/A |   N/A | 100.0 | 2315.0
       Dungeon |  68.9 |  68.9 |   N/A |   N/A |  31.8 | 1251.2
          Lair |  31.1 |  31.1 |   N/A |   N/A |  68.2 | 4473.8
               +-------+-------+-------+-------+-------+----------------------
